 Dungeon Crawl Stone Soup version 0.31-a0-7-g51783674b7 (webtiles) character file.

Game seed: 17642890487291971760

991 Dittersdorf the Covered (level 8, -14/51 HPs)
             Began as a Gargoyle Fighter on May 5, 2023.
             Killed by divine providence
             ... invoked by an orc priest
              (17 damage)
             ... on level 4 of the Dungeon.
             The game lasted 00:05:07 (4405 turns).

Dittersdorf the Covered (Gargoyle Fighter)          Turns: 4405, Time: 00:05:08

Health: -14/51     AC: 19    Str: 22    XL:     8   Next: 18%
Magic:  8/8        EV:  8    Int:  9    God:
Gold:   107        SH:  5    Dex:  9    Spells: 7/7 levels left

rFire   . . .        a - +1 flail
rCold   + . .        c - +0 buckler
rNeg    + . .        v - +0 chain mail
rPois   ∞            g - +0 helmet
rElec   +            (no cloak)
rCorr   .            w - +0 pair of gloves
SInv    .            k - +0 pair of boots
Will    .....        (no amulet) Stlth
                     m - ring of protection from cold
HPRegen 0.28/turn    (no ring)
MPRegen 0.11/turn

%: no passive effects
@: no status effects
A: sickness immunity, AC +5, negative energy resistance 1, electricity
resistance, torment resistance 1, petrification resistance
a: no special abilities


You were on level 4 of the Dungeon.
You visited 1 branch of the dungeon, and saw 5 of its levels.

You collected 107 gold pieces.

Inventory:

Hand Weapons
 a - a +1 flail (weapon)
Armour
 b - a +0 plate armour
 c - a +0 buckler (worn)
 g - a +0 helmet (worn)
 k - a +0 pair of boots (worn)
 v - a +0 chain mail (worn)
 w - a +0 pair of gloves (worn)
Jewellery
 m - a ring of protection from cold (left hand)
 u - a ring of fire
Wands
 s - a wand of flame (13)
Scrolls
 f - a scroll of enchant weapon
 j - a scroll of enchant armour {unknown}
 o - 2 scrolls of noise {unknown}
 p - a scroll of teleportation {unknown}
Potions
 d - a potion of might
 h - 2 potions of lignification {unknown}
 l - a potion of haste {unknown}
 n - a potion of resistance {unknown}
 q - 2 potions of mutation {unknown}
 r - a potion of heal wounds {unknown}
 t - a potion of curing
 x - a potion of flight {unknown}
 z - 2 potions of attraction


   Skills:
 + Level 6.0 Fighting
 + Level 4.9 Maces & Flails
 + Level 6.0 Armour
 + Level 6.0 Shields


You had 7 spell levels left.
You didn't know any spells.
Your spell library contained the following spells:

 Spells                   Type           Power      Damage    Failure   Level
 Blink                    Tloc           0%         N/A       99%         2
 Lesser Beckoning         Tloc           0%         N/A       99%         2
 Momentum Strike          Conj/Tloc      0%         3d8       99%         2
 Gell's Gravitas          Tloc           0%         N/A       100%        3
 Teleport Other           Tloc           0%         N/A       100%        3
 Dispersal                Tloc           0%         N/A       100%        6


Dungeon Overview and Level Annotations

Branches:
Dungeon (5/15)
 Temple: D:4-7

Altars:
Ashenzari
Gozag
Kikubaaqudgha
Sif Muna


Innate Abilities, Weirdness & Mutations

You are immune to sickness and miasma.
Your stone body is resilient. (AC +5)
You are immune to poison.
You resist negative energy. (rN+)
You are resistant to electric shocks. (rElec)
You are resistant to unholy torment.
You are immune to petrification.


Message History

Your Fighting skill increases to level 6!
Your Shields skill increases to level 6!
You barely miss something. The dart slug barely misses you.
Something hits you but does no damage.
You sock the dart slug!
You kill the dart slug!
Something hits you but does no damage.
An orc priest comes into view. It is wielding a +0 short sword.
The orc priest shouts!
You hear a shout! x2
You hear some strange, mumbled words.
You are confused.
The orc priest invokes the aid of Beogh against you.
Beogh smites you!
* * * LOW HITPOINT WARNING * * *
You see here a dart slug corpse.
Something hits you but does no damage.
The orc priest calls down the wrath of Beogh upon you.
Beogh smites you!
* * * LOW HITPOINT WARNING * * *
You can't go up here!
An orc wizard appears from thin air!
Reactivating autopickup.
The orc wizard hits you but does no damage.
There is a stone staircase leading up here.
The orc wizard completely misses you.
The orc priest hits you but does no damage.
You climb upwards.
There is a stone staircase leading down here.
The orc wizard closely misses you.
The orc priest hits you but does no damage.
The orc wizard attacks as you move away!
The orc wizard hits you but does no damage.
You sock the orc wizard!
The orc wizard is severely wounded.
You feel less confused.
You sock the orc wizard!
You kill the orc wizard!
The orc priest invokes the aid of Beogh against you.
Beogh smites you!
You die...

### ### #.. #.# ##############
#.. #.# #....o.......######..
#.#####...@)>..............
#.#.......##.......####....
#.#.......##.........####..
#.#.......##..##.#....# #..
#..>.............#..#.# #..
#.####........##.#..#.# #..
#........<##.###.#..#.#####
####.####..####.###.#..#...###
#...................#..###....


You could see an orc priest.

Vanquished Creatures
  Sigmund (D:3)
  2 ogres (D:5)
  2 phantoms
  A howler monkey (D:3)
  4 hounds
  A jelly (D:5)
  An iguana (D:5)
  Ijyb (D:3)
  Jessica (D:2)
  Terence (D:2)
  An orc wizard (D:4)
  Robin (D:3)
  3 gnolls (D:4)
  8 adders
  An ufetubus (D:4)
  5 worms
  6 dart slugs
  An orc (D:3)
  6 endoplasms
  3 giant cockroaches
  11 goblins
  10 hobgoblins
  6 jackals (D:4)
  2 quokkas (D:2)
  8 ball pythons
  8 bats
  4 frilled lizards
  5 kobolds
  8 rats
112 creatures vanquished.

Notes
Turn   | Place    | Note
-------+----------+-------------------------------------------
     0 | D:1      | Dittersdorf the Gargoyle Fighter began the quest for the
                  | Orb.
     0 | D:1      | Reached XP level 1. HP: 14/14 MP: 1/1
   248 | D:1      | Reached XP level 2. HP: 19/19 MP: 2/2
   805 | D:1      | Reached XP level 3. HP: 23/23 MP: 3/3
  1065 | D:2      | Identified the +0 robe of Izajis {Will+ Str+2 Int-3 Dex+3}
  1326 | D:2      | Reached XP level 4. HP: 29/29 MP: 4/4
  1339 | D:2      | Noticed Terence
  1348 | D:2      | Killed Terence
  1505 | D:2      | Noticed Jessica
  1509 | D:2      | Killed Jessica
  1610 | D:2      | Reached XP level 5. HP: 33/33 MP: 5/5
  2053 | D:3      | Noticed Robin
  2120 | D:3      | Killed Robin
  2310 | D:3      | Noticed Ijyb
  2328 | D:3      | Killed Ijyb
  2329 | D:3      | Reached XP level 6. HP: 39/39 MP: 6/6
  2691 | D:3      | Noticed Sigmund
  2700 | D:3      | Killed Sigmund
  2701 | D:3      | Reached skill level 5 in Fighting
  2701 | D:3      | Reached skill level 5 in Armour
  2701 | D:3      | Reached skill level 5 in Shields
  2883 | D:3      | Found an opulent altar of Gozag.
  3230 | D:4      | Reached XP level 7. HP: 44/44 MP: 7/7
  3714 | D:4      | Found a shimmering blue altar of Sif Muna.
  3714 | D:4      | Found an ancient bone altar of Kikubaaqudgha.
  3733 | D:4      | Found a broken altar of Ashenzari.
  3735 | D:4      | Found a faded altar of an unknown god.
  3736 | D:4      | Found a faded altar of an unknown god.
  4061 | D:5      | Entered Level 5 of the Dungeon
  4251 | D:5      | Reached XP level 8. HP: 39/51 MP: 8/8
  4398 | D:5      | HP: 1/51 [orc priest/divine providence (14)]
  4405 | D:4      | Killed from afar by an orc priest

Illustrated notes

Levels and vault maps discovered:
D:1:      sevenhm_arrival_forest_fort_large_4, layout_basic,
          grunt_decor_arrowhead
D:2:      layout_basic, uniq_terence, uniq_jessica
D:3:      layout_loops_corners, mainiacjoe_overflow_tiny_flanked, uniq_robin,
          uniq_sigmund, uniq_ijyb
D:4:      layout_basic, chequers_temple_overflow_minitemple
D:5:      cheibrodos_helix_gallery, layout_basic, mainiacjoe_overflow_chevrons,
          vehumet_statue, kennysheep_slug_shrine,
          nicolae_hepliaklqana_hazy_memory, minmay_strange_pillars,
          uniq_prince_ribbit1

Skill      XL: |  1  2  3  4  5  6  7  8 |
---------------+-------------------------+-----
Fighting       | 4 5 6 |  6.0
Armour         | 4 5 6 |  6.0
Shields        | 4 5 6 |  6.0
Maces & Flails | 3 4 |  4.9

Action                     |  1- 3 |  4- 6 |  7- 9 || total
---------------------------+-------+-------+-------++-------
  Melee: Flail             |   129 |   233 |   128 ||   490
    Use: Scroll            |       |     6 |     3 ||     9
 Armour: Scale mail        |    90 |    40 |       ||   130
         Chain mail        |       |   140 |   147 ||   287
         Skin              |       |    10 |       ||    10
  Dodge: Dodged            |    61 |   105 |    89 ||   255
  Block: Buckler           |    32 |    63 |    58 ||   153

Table legend: (Time is in decaauts)
 A = Elapsed time spent in this place.
 B = Non-inter-level travel time spent in this place.
 C = Inter-level travel time spent in this place.
 D = Time resting spent in this place.
 E = Time spent auto-exploring this place.
 F = Levels seen in this place.
 G = Mean time per level.
                   A        B        C        D        E       F      G
               +--------+--------+--------+--------+--------+-----+--------+
         Total |   4540 |   4257 |    283 |    536 |   2610 |   5 |  908.0 |
       Dungeon |   4540 |   4257 |    283 |    536 |   2610 |   5 |  908.0 |
               +--------+--------+--------+--------+--------+-----+--------+

Top non-repeatable levels by time:
     D:3: 1105 daAuts
     D:1: 1076 daAuts
     D:2: 1070 daAuts
     D:4: 1030 daAuts
     D:5: 258 daAuts
